NWL (28 & UNDER)
MOOSE JAW GHOSTBUSTERS @ BALZAC RAMS
05/26/2030
 
TOP OF THE 1ST
Moose Jaw Ghostbusters batting - Pitching for Balzac Rams : LHP William Evans
Pitching: LHP William Evans
Batting: SHB Lonnie Washington 0-0: Ball
1-0: Foul Ball, location: 2F
1-1: Called Strike
1-2: Foul Ball, location: 2F
1-2: Ball
2-2: Ball
3-2: Base on Balls
Batting: RHB Bob Cole 0-0: SINGLE (Line Drive, 7S)
Lonnie Washington to second
Batting: LHB Jon Scott 0-0: Ball
1-0: Called Strike
1-1: Ball
2-1: Swinging Strike
2-2: Foul Ball, location: 2F
2-2: Strikes out swinging
Batting: SHB Rafael Acosta 0-0: Ball
Lonnie Washington steals 3rd base
Bob Cole to second
1-0: Ball
2-0: Called Strike
2-1: Swinging Strike
2-2: Ball
3-2: Foul Ball, location: 2F
3-2: Base on Balls
Batting: RHB José Maldonado 0-0: Fly out, F9 (Flyball, 9S)
Batting: RHB Aaron Murray 0-0: Ball
1-0: Ball
2-0: Ball
3-0: Base on Balls
Lonnie Washington scores
Bob Cole to third
Rafael Acosta to second
Batting: LHB Darren Holland 0-0: Ball
1-0: Ball
2-0: Ball
3-0: Called Strike
3-1: Called Strike
3-2: Foul Ball, location: 2F
3-2: Base on Balls
Bob Cole scores
Rafael Acosta to third
Aaron Murray to second
Batting: SHB Martín Cruz 0-0: Ball
1-0: Ball
2-0: Ball
3-0: Called Strike
3-1: Base on Balls
Rafael Acosta scores
Aaron Murray to third
Darren Holland to second
Batting: LHB John Stone 0-0: Ball
1-0: Called Strike
1-1: SINGLE (Line Drive, 4MD)
Aaron Murray scores
Darren Holland to third
Martín Cruz to second
Runner from 3rd tries for Home, throw and OUT!
Top of the 1st over - 4 runs, 2 hits, 0 errors, 2 left on base; Moose Jaw 4 - Balzac 0
BOTTOM OF THE 1ST
Balzac Rams batting - Pitching for Moose Jaw Ghostbusters : RHP Juan Arreola
Pitching: RHP Juan Arreola
Batting: RHB Jesús Velásquez 0-0: Ball
1-0: Ball
2-0: Ball
3-0: Called Strike
3-1: Called Strike
3-2: Ground out 4-3 (Groundball, 34D)
Batting: RHB Jeremy Flemming 0-0: Foul Ball, location: 2F
0-1: Ball
1-1: Swinging Strike
1-2: Fly out, F8 (Flyball, 8LS)
Batting: LHB Fernando Cruz 0-0: Ball
1-0: Ground out 4-3 (Groundball, 4MS)
Bottom of the 1st over - 0 runs, 0 hits, 0 errors, 0 left on base; Moose Jaw 4 - Balzac 0
TOP OF THE 2ND
Moose Jaw Ghostbusters batting - Pitching for Balzac Rams : LHP William Evans
Batting: SHB Lonnie Washington 0-0: Foul Ball, location: 2F
0-1: Ball
1-1: Ball
2-1: Ball
3-1: Base on Balls
Batting: RHB Bob Cole 0-0: Called Strike
0-1: Ball
Lonnie Washington steals 2nd base
1-1: Foul Ball, location: 2F
1-2: Foul Ball, location: 2F
1-2: Ball
2-2: Foul Ball, location: 2F
2-2: Foul Ball, location: 2F
2-2: Fly out, F9 (Flyball, 9D)
Runner from 2nd tags up, SAFE at 3rd, no throw
Batting: LHB Jon Scott 0-0: Called Strike
0-1: SINGLE (Line Drive, 78S)
Lonnie Washington scores
Batting: SHB Rafael Acosta 0-0: Ball
1-0: Ground out 4-3 (Groundball, 4S)
Jon Scott to second
Batting: RHB José Maldonado 0-0: Swinging Strike
0-1: Ball
1-1: Foul Ball, location: 2F
1-2: 2-RUN HOME RUN (Flyball, 78XD), Distance : 435 ft
Pitching: RHP Marvin Dixon
Batting: RHB Aaron Murray 0-0: Called Strike
0-1: Foul Ball, location: 2F
0-2: Ball
1-2: SOLO HOME RUN (Flyball, 8LXD), Distance : 438 ft
Batting: LHB Darren Holland 0-0: Called Strike
0-1: SINGLE (Line Drive, 78M)
Batting: SHB Martín Cruz 0-0: Called Strike
0-1: Fly out, F5 (Popup, 25F)
Top of the 2nd over - 4 runs, 4 hits, 0 errors, 1 left on base; Moose Jaw 8 - Balzac 0
BOTTOM OF THE 2ND
Balzac Rams batting - Pitching for Moose Jaw Ghostbusters : RHP Juan Arreola
Batting: LHB Greg Sharpe 0-0: Called Strike
0-1: Called Strike
0-2: Ball
1-2: DOUBLE (Line Drive, 9LM)
Batting: RHB Lorenzo Silva 0-0: Foul Ball, location: 2F
0-1: Fly out, F4 (Popup, 4MS)
Batting: SHB Emílio Calvillo 0-0: Called Strike
0-1: Called Strike
0-2: Ground out 6-3 (Groundball, 6MS)
Greg Sharpe to third
Batting: RHB Paul Spencer 0-0: Called Strike
0-1: Called Strike
0-2: Ball
1-2: Foul Ball, location: 2F
1-2: Foul Ball, location: 2F
1-2: Ball
2-2: DOUBLE (Groundball, 5L)
Greg Sharpe scores
Batting: RHB Lynn Johnson 0-0: Foul Ball, location: 2F
0-1: Swinging Strike
0-2: Ball
1-2: Ball
2-2: Ball
3-2: SINGLE (Line Drive, 56)
Paul Spencer to third
Paul Spencer scores
Batting: RHB Juan Morales 0-0: Called Strike
0-1: Ball
1-1: Ball
2-1: Fly out, F7 (Flyball, 78M)
Bottom of the 2nd over - 2 runs, 3 hits, 0 errors, 1 left on base; Moose Jaw 8 - Balzac 2
TOP OF THE 3RD
Moose Jaw Ghostbusters batting - Pitching for Balzac Rams : RHP Marvin Dixon
Batting: LHB John Stone 0-0: Ground out 5-3 (Groundball, 5L)
Batting: SHB Lonnie Washington 0-0: Foul Ball, location: 2F
0-1: SINGLE (Line Drive, 4D)
Batting: RHB Bob Cole 0-0: Ball
1-0: Called Strike
1-1: Fly out, F7 (Flyball, 7LM)
Batting: LHB Jon Scott 0-0: Ball
1-0: Called Strike
1-1: Swinging Strike
1-2: Strikes out swinging
Top of the 3rd over - 0 runs, 1 hit, 0 errors, 1 left on base; Moose Jaw 8 - Balzac 2
BOTTOM OF THE 3RD
Balzac Rams batting - Pitching for Moose Jaw Ghostbusters : RHP Juan Arreola
Batting: RHB Jesús Velásquez 0-0: Ball
1-0: Ball
2-0: Ball
3-0: Called Strike
3-1: Base on Balls
Batting: RHB Jeremy Flemming 0-0: Ball
1-0: Called Strike
1-1: Fielders Choice at 2nd, 1-6 (Groundball, 13)
Batting: LHB Fernando Cruz 0-0: Ball
Jeremy Flemming is caught stealing 2nd base
1-0: Ball
2-0: Ball
3-0: Called Strike
3-1: SINGLE (Groundball, 4) (infield hit)
Batting: LHB Greg Sharpe 0-0: Foul Ball, location: 2F
0-1: Foul Ball, location: 2F
0-2: Ball
1-2: Foul Ball, location: 2F
1-2: Foul Ball, location: 2F
1-2: Ball
2-2: Strikes out swinging
Bottom of the 3rd over - 0 runs, 1 hit, 0 errors, 1 left on base; Moose Jaw 8 - Balzac 2
TOP OF THE 4TH
Moose Jaw Ghostbusters batting - Pitching for Balzac Rams : RHP Marvin Dixon
Batting: SHB Rafael Acosta 0-0: Foul Ball, location: 2F
0-1: Ball
1-1: Foul Ball, location: 2F
1-2: Ball
2-2: Strikes out swinging
Batting: RHB José Maldonado 0-0: Ball
1-0: Foul Ball, location: 2F
1-1: Swinging Strike
1-2: Strikes out swinging
Batting: RHB Aaron Murray 0-0: Ball
1-0: SOLO HOME RUN (Flyball, 9LD), Distance : 438 ft
Batting: LHB Darren Holland 0-0: Ball
1-0: Ball
2-0: Ball
3-0: Base on Balls
Batting: SHB Martín Cruz 0-0: Foul Ball, location: 2F
0-1: Ball
1-1: Called Strike
1-2: Ground out 3-1 (Groundball, 34)
Top of the 4th over - 1 run, 1 hit, 0 errors, 1 left on base; Moose Jaw 9 - Balzac 2
BOTTOM OF THE 4TH
Balzac Rams batting - Pitching for Moose Jaw Ghostbusters : RHP Juan Arreola
Batting: RHB Lorenzo Silva 0-0: Fly out, F7 (Flyball, 7)
Batting: SHB Emílio Calvillo 0-0: Ball
1-0: Ball
2-0: Called Strike
2-1: Swinging Strike
2-2: Fly out, F9 (Flyball, 9S)
Batting: RHB Paul Spencer 0-0: Ball
1-0: Ball
2-0: Foul Ball, location: 2F
2-1: TRIPLE (Line Drive, 7LD)
Batting: RHB Lynn Johnson 0-0: Called Strike
0-1: Fly out, F7 (Flyball, 7LS)
Bottom of the 4th over - 0 runs, 1 hit, 0 errors, 1 left on base; Moose Jaw 9 - Balzac 2
TOP OF THE 5TH
Moose Jaw Ghostbusters batting - Pitching for Balzac Rams : RHP Marvin Dixon
Batting: LHB John Stone 0-0: Called Strike
0-1: Ball
1-1: Ground out 4-3 (Groundball, 4M)
Batting: SHB Lonnie Washington 0-0: Ball
1-0: Ball
2-0: Ball
3-0: Called Strike
3-1: Base on Balls
Batting: RHB Bob Cole 0-0: Ball
1-0: Ball
2-0: Ball
3-0: Called Strike
3-1: Base on Balls
Lonnie Washington to second
Batting: LHB Jon Scott 0-0: Called Strike
0-1: Swinging Strike
0-2: Foul Ball, location: 2F
0-2: Ball
1-2: Ball
2-2: Foul Ball, location: 2F
2-2: Ball
3-2: Base on Balls
Lonnie Washington to third
Bob Cole to second
Batting: SHB Rafael Acosta 0-0: Fly out, F7 (Flyball, 7D)
Runner from 3rd tags up, SCORES, no throw
Bob Cole to third
Batting: RHB José Maldonado 0-0: Ball
1-0: Ball
2-0: Called Strike
2-1: Swinging Strike
2-2: Foul Ball, location: 2F
2-2: Foul Ball, location: 2F
2-2: Foul Ball, location: 2F
2-2: Foul Ball, location: 2F
2-2: Foul Ball, location: 2F
2-2: Fly out, F9 (Flyball, 9S)
Top of the 5th over - 1 run, 0 hits, 0 errors, 2 left on base; Moose Jaw 10 - Balzac 2
BOTTOM OF THE 5TH
Balzac Rams batting - Pitching for Moose Jaw Ghostbusters : RHP Juan Arreola
Batting: RHB Juan Morales 0-0: Ball
1-0: Ground out 4-3 (Groundball, 4)
Batting: RHB Jesús Velásquez 0-0: Ball
1-0: Called Strike
1-1: Ground out 5-3 (Groundball, 56S)
Batting: RHB Jeremy Flemming 0-0: Ball
1-0: Called Strike
1-1: Called Strike
1-2: Hit by Pitch
Batting: LHB Fernando Cruz 0-0: Ground out U3 (Groundball, 34)
Bottom of the 5th over - 0 runs, 0 hits, 0 errors, 1 left on base; Moose Jaw 10 - Balzac 2
TOP OF THE 6TH
Moose Jaw Ghostbusters batting - Pitching for Balzac Rams : RHP Marvin Dixon
Pitching: RHP José Carrillo
Batting: RHB Aaron Murray 0-0: Ball
1-0: Foul Ball, location: 2F
1-1: Swinging Strike
1-2: Ball
2-2: Foul Ball, location: 2F
2-2: Foul Ball, location: 2F
2-2: Ball
3-2: Base on Balls
Batting: LHB Darren Holland 0-0: Foul Ball, location: 2F
0-1: Ball
1-1: Ball
2-1: Ball
3-1: Called Strike
3-2: Foul Ball, location: 2F
3-2: Base on Balls
Aaron Murray to second
Batting: SHB Martín Cruz 0-0: Called Strike
0-1: Foul Ball, location: 2F
0-2: Ball
1-2: Ball
2-2: Ball
3-2: Fly out, F6 (Flyball, 6D)
Batting: LHB John Stone 0-0: Ball
1-0: Ball
2-0: Ball
3-0: Base on Balls
Aaron Murray to third
Darren Holland to second
Batting: SHB Lonnie Washington 0-0: Ball
1-0: Foul Ball, location: 2F
1-1: Foul Ball, location: 2F
1-2: Foul Ball, location: 2F
1-2: Ball
2-2: Grounds into double play, 6-4-3 (Groundball, 6)
Top of the 6th over - 0 runs, 0 hits, 0 errors, 2 left on base; Moose Jaw 10 - Balzac 2
BOTTOM OF THE 6TH
Balzac Rams batting - Pitching for Moose Jaw Ghostbusters : RHP Juan Arreola
Batting: LHB Greg Sharpe 0-0: Foul Ball, location: 2F
0-1: Ball
1-1: Swinging Strike
1-2: Fly out, F6 (Line Drive, 56)
Batting: RHB Lorenzo Silva 0-0: Ball
1-0: Foul Ball, location: 2F
1-1: Foul Ball, location: 2F
1-2: Ball
2-2: Ball
3-2: Foul Ball, location: 2F
3-2: SINGLE (Flyball, 7LS)
Batting: SHB Emílio Calvillo 0-0: Called Strike
0-1: Ball
1-1: Ball
2-1: Fielders Choice at 2nd, 1-6 (Groundball, P)
Batting: RHB Paul Spencer 0-0: SINGLE (Groundball, 4) (infield hit)
Emílio Calvillo to second
Batting: RHB Lynn Johnson 0-0: Called Strike
0-1: Ball
1-1: Ball
2-1: Foul Ball, location: 2F
2-2: Strikes out swinging
Bottom of the 6th over - 0 runs, 2 hits, 0 errors, 2 left on base; Moose Jaw 10 - Balzac 2
TOP OF THE 7TH
Moose Jaw Ghostbusters batting - Pitching for Balzac Rams : RHP José Carrillo
Batting: RHB Bob Cole 0-0: Called Strike
0-1: Swinging Strike
0-2: Ball
1-2: Ball
2-2: Foul Ball, location: 2F
2-2: Ball
3-2: Fly out, F4 (Popup, 4)
Batting: LHB Jon Scott 0-0: Ball
1-0: SINGLE (Line Drive, 6MD)
Batting: SHB Rafael Acosta 0-0: Ball
1-0: Called Strike
1-1: Grounds out, U3 (Groundball, 3L)
Batting: RHB José Maldonado 0-0: Ball
1-0: Ball
2-0: Ball
3-0: Base on Balls
Batting: RHB Aaron Murray 0-0: Ball
1-0: Ball
2-0: Ball
3-0: Base on Balls
Jon Scott to third
José Maldonado to second
Batting: LHB Darren Holland 0-0: Ball
1-0: Foul Ball, location: 2F
1-1: Ball
2-1: Ball
3-1: Foul Ball, location: 2F
3-2: Foul Ball, location: 2F
3-2: Base on Balls
Jon Scott scores
José Maldonado to third
Aaron Murray to second
Batting: SHB Martín Cruz 0-0: Foul Ball, location: 2F
0-1: SINGLE (Groundball, 4MD)
José Maldonado scores
Aaron Murray to third
Darren Holland to second
Runner from 3rd tries for Home, SAFE, throw made home
Batting: LHB John Stone 0-0: Ball
1-0: Ball
2-0: Ball
3-0: Base on Balls
Darren Holland to third
Martín Cruz to second
Pitching: RHP Sam Lynch
Batting: SHB Lonnie Washington 0-0: Foul Ball, location: 2F
0-1: Foul Ball, location: 2F
0-2: Foul Ball, location: 2F
0-2: Foul Ball, location: 2F
0-2: Foul Ball, location: 2F
0-2: Ball
1-2: Ball
2-2: SINGLE (Flyball, 78S)
Darren Holland scores
Martín Cruz to third
John Stone to second
Runner from 3rd tries for Home, SAFE, no throw
Batting: RHB Bob Cole 0-0: Called Strike
0-1: Ball
1-1: Swinging Strike
1-2: Ball
2-2: Foul Ball, location: 2F
2-2: Fly out, F8 (Line Drive, 8LD)
Top of the 7th over - 5 runs, 3 hits, 0 errors, 2 left on base; Moose Jaw 15 - Balzac 2
BOTTOM OF THE 7TH
Balzac Rams batting - Pitching for Moose Jaw Ghostbusters : RHP Juan Arreola
Batting: RHB Juan Morales 0-0: Called Strike
0-1: Foul Ball, location: 2F
0-2: Fly out, F8 (Flyball, 8LD)
Batting: RHB Jesús Velásquez 0-0: Called Strike
0-1: Ball
1-1: Foul Ball, location: 2F
1-2: Ball
2-2: Fly out, F8 (Flyball, 8RM)
Batting: RHB Jeremy Flemming 0-0: Reached on error, E5 (Groundball, 56)
Pitching: RHP José Orozco
Batting: LHB Fernando Cruz 0-0: SINGLE (Flyball, 8RS)
Jeremy Flemming to second
Runner from 2nd tries for 3rd, OUT!
Bottom of the 7th over - 0 runs, 1 hit, 1 error, 1 left on base; Moose Jaw 15 - Balzac 2
TOP OF THE 8TH
Moose Jaw Ghostbusters batting - Pitching for Balzac Rams : RHP Sam Lynch
Batting: LHB Jon Scott 0-0: Ball
1-0: Foul Ball, location: 2F
1-1: Ball
2-1: Reached on error, E5 (Groundball, 5)
Batting: SHB Rafael Acosta 0-0: Ball
1-0: Swinging Strike
1-1: SINGLE (Groundball, 34D)
Jon Scott to third
Batting: RHB José Maldonado 0-0: SINGLE (Line Drive, 56)
Jon Scott scores
Rafael Acosta to second
Batting: RHB Aaron Murray 0-0: Swinging Strike
0-1: Ball
1-1: Ball
2-1: Swinging Strike
2-2: Ball
3-2: Foul Ball, location: 2F
3-2: Base on Balls
Rafael Acosta to third
José Maldonado to second
Pinch Hitting: RHB Scott McGuire 0-0: Swinging Strike
0-1: Ball
1-1: Ball
2-1: Foul Ball, location: 2F
2-2: Strikes out looking
Batting: SHB Martín Cruz 0-0: Foul Ball, location: 2F
0-1: Swinging Strike
0-2: Foul Ball, location: 2F
0-2: Ball
1-2: Fly out, F7 (Flyball, 7D)
Runner from 3rd tags up, SCORES, throw made
Batting: LHB John Stone 0-0: Ball
1-0: Swinging Strike
1-1: Ball
2-1: Ball
3-1: Fly out, F6 (Line Drive, 6M)
Top of the 8th over - 2 runs, 2 hits, 1 error, 2 left on base; Moose Jaw 17 - Balzac 2
BOTTOM OF THE 8TH
Balzac Rams batting - Pitching for Moose Jaw Ghostbusters : RHP José Orozco
Now in CF: Johnny MacNamara
Batting: LHB Greg Sharpe 0-0: Ball
1-0: Called Strike
1-1: Swinging Strike
1-2: Foul Ball, location: 2F
1-2: Foul Ball, location: 2F
1-2: Foul Ball, location: 2F
1-2: Strikes out swinging
Batting: RHB Lorenzo Silva 0-0: Ball
1-0: Fly out, F3 (Popup, 23F)
Batting: SHB Emílio Calvillo 0-0: Ball
1-0: Swinging Strike
1-1: Ground out 6-3 (Groundball, 6)
Bottom of the 8th over - 0 runs, 0 hits, 0 errors, 0 left on base; Moose Jaw 17 - Balzac 2
TOP OF THE 9TH
Moose Jaw Ghostbusters batting - Pitching for Balzac Rams : RHP Sam Lynch
Batting: SHB Lonnie Washington 0-0: Ball
1-0: Ball
2-0: Ball
3-0: Called Strike
3-1: Foul Ball, location: 2F
3-2: Fly out, F9 (Line Drive, 9D)
Batting: RHB Bob Cole 0-0: Ball
1-0: Ball
2-0: Ball
3-0: Called Strike
3-1: Foul Ball, location: 2F
3-2: Base on Balls
Batting: LHB Jon Scott 0-0: Swinging Strike
0-1: Grounds into double play, 6-4-3 (Groundball, 6)
Top of the 9th over - 0 runs, 0 hits, 0 errors, 0 left on base; Moose Jaw 17 - Balzac 2
BOTTOM OF THE 9TH
Balzac Rams batting - Pitching for Moose Jaw Ghostbusters : RHP José Orozco
Batting: RHB Paul Spencer 0-0: Fly out, F9 (Flyball, 89D)
Batting: RHB Lynn Johnson 0-0: Ball
1-0: Called Strike
1-1: Foul Ball, location: 2F
1-2: Ball
2-2: Fly out, F7 (Line Drive, 7D)
Batting: RHB Juan Morales 0-0: SINGLE (Line Drive, 6)
Batting: RHB Jesús Velásquez 0-0: Ball
Wild Pitch!
Juan Morales to second
1-0: DOUBLE (Groundball, 5L)
Juan Morales scores
Batting: RHB Jeremy Flemming 0-0: Called Strike
0-1: Swinging Strike
0-2: Strikes out swinging
Bottom of the 9th over - 1 run, 2 hits, 0 errors, 1 left on base; Moose Jaw 17 - Balzac 3
Saturday, April 7th, 2018 - OOTP Baseball 18.8 Build 76